 Dungeon Crawl Stone Soup version 0.23.1 (webtiles) character file.

Game seed: 0

601836 vishdafish the Deliberate (level 27, -11/240 HPs)
             Began as a Gnoll Fighter on Mar 11, 2019.
             Was a Follower of Cheibriados.
             Mangled by a harpy (17 damage)
             ... on level 5 of a ziggurat.
             The game lasted 02:49:27 (71656 turns).

vishdafish the Deliberate (Gnoll Fighter)          Turns: 71656, Time: 02:49:27

Health: -11/240    AC: 25    Str: 46      XL:     27
Magic:  36/44      EV: 31    Int: 14 (16) God:    Cheibriados [*.....]
Gold:   1187       SH: 22    Dex: 32      Spells: 14/61 levels left

rFire    + . .     SeeInvis .   N - +9 broad axe (drain)
rCold    + + +     Gourm    .   c - +2 shield "Fuliar" {Dex+5}
rNeg     + + +     Faith    .   y - +10 ice dragon scales "Daicy" {rF- rC++ Str+4 Int+2}
rPois    .         Spirit   .   I - +0 hat "Issuowas" {rF+ MR++}
rElec    .         Reflect  .   F - scarf {repulsion}
rCorr    .         Harm     .   S - +0 pair of gloves {archery}
MR       +++++                  W - +0 pair of boots {Stlth+}
Stlth    ++++++....             K - amulet "Jotuumog" {+Rage rC+ rN+++ Str+4 Dex+4}
HPRegen  0.50/turn              T - +5 ring of slaying
MPRegen  0.29/turn              s - ring "Luenwam" {rF+ MR+ Str+7 Dex+3}

@: singing, flying, very slightly contaminated, repel missiles, very slow
A: distributed training, fangs 1, hooves 1, agile 1, deformed body, mutation
resistance 1, robust 1, wild magic 1, strong nose
}: 3/15 runes: decaying, silver, gossamer
a: Bend Time, Renounce Religion, Evoke Berserk Rage


You were on level 5 of a ziggurat.
You worshipped Cheibriados.
Cheibriados was aware of your devotion.
You were not hungry.

You visited 10 branches of the dungeon, and saw 47 of its levels.
You visited the Abyss 1 time.
You visited 1 ziggurat, and saw 5 of its levels.
You also visited: Gauntlet and Ice Cave.

You collected 30712 gold pieces.
You spent 7399 gold pieces at shops.
You paid 22126 gold pieces to Gozag.

Inventory:

Hand Weapons
 N - a +9 broad axe of draining (weapon)
Missiles
 U - 7 poisoned javelins (quivered)
 X - 3 throwing nets
Armour
 c - the +2 shield "Fuliar" (worn) {Dex+5}
   (You bought it in a shop on level 15 of the Dungeon)

   It affects your dexterity (+5).
 y - the +10 ice dragon scales "Daicy" (worn) {rF- rC++ Str+4 Int+2}
   (You bought it in a shop on level 2 of the Orcish Mines)

   It affects your strength (+4).
   It affects your intelligence (+2).
   It makes you vulnerable to fire.
   It greatly protects you from cold.
 F - a scarf of repulsion (worn)
 I - the +0 hat "Issuowas" (worn) {rF+ MR++}
   (You found it on level 4 of the Vaults)

   It protects you from fire.
   It affects your resistance to hostile enchantments.
 S - a +0 pair of gloves of archery (worn)
 W - a +0 pair of boots of stealth (worn)
Jewellery
 s - the ring "Luenwam" (right hand) {rF+ MR+ Str+7 Dex+3}
   (You bought it in a shop on level 2 of the Orcish Mines)

   [ring of protection from magic]

   It affects your strength (+7).
   It affects your dexterity (+3).
   It protects you from fire.
   It affects your resistance to hostile enchantments.
 K - the amulet "Jotuumog" (around neck) {+Rage rC+ rN+++ Str+4 Dex+4}
   (You bought it in a shop on level 2 of the Orcish Mines)

   [amulet of rage]

   It affects your strength (+4).
   It affects your dexterity (+4).
   It protects you from cold.
   It renders you almost immune to negative energy.
   It lets you go berserk.
 T - a +5 ring of slaying (left hand)
 Y - an uncursed ring of ice
Wands
 b - a wand of scattershot (4)
 e - a wand of disintegration (5)
 i - a wand of paralysis (10)
 A - a wand of iceblast (12)
 O - a wand of random effects (14)
Scrolls
 g - 13 scrolls of amnesia
 k - 9 scrolls of magic mapping
 l - 19 scrolls of teleportation
 m - 13 scrolls of fog
 o - 30 scrolls of remove curse
 w - 4 scrolls of enchant weapon
 C - 15 scrolls of enchant armour
 D - 3 scrolls of silence
 E - 19 scrolls of identify
 H - 3 scrolls of blinking
 J - 6 scrolls of fear
 M - 2 scrolls of torment
 P - 11 scrolls of immolation
 Q - a scroll of summoning
 Z - 4 scrolls of holy word
Potions
 d - 6 potions of might
 h - 3 potions of resistance
 j - 7 potions of agility
 n - 2 potions of berserk rage
 p - a potion of mutation
 q - 10 potions of ambrosia
 r - 3 potions of cancellation
 t - 12 potions of curing
 v - 9 potions of flight
 x - 4 potions of invisibility
 z - 6 potions of magic
 B - 5 potions of heal wounds
 L - 4 potions of brilliance
 V - 4 potions of haste
Miscellaneous
 a - a lamp of fire (inert)
 G - 4 boxes of beasts
 R - a fan of gales (inert)
Comestibles
 f - 10 rations


   Skills:
 + Level 18.3 Fighting
 + Level 17.5 Short Blades
 + Level 17.9 Long Blades
 + Level 17.5 Axes
 + Level 17.5 Maces & Flails
 + Level 17.5 Polearms
 + Level 17.5 Staves
 + Level 17.5 Slings
 + Level 17.5 Bows
 + Level 17.5 Crossbows
 + Level 17.5 Throwing
 + Level 18.3 Armour
 + Level 17.5 Dodging
 + Level 17.5 Stealth
 + Level 18.3 Shields
 + Level 17.5 Unarmed Combat
 + Level 17.5 Spellcasting
 + Level 15.1 Conjurations
 + Level 15.1 Hexes
 + Level 15.1 Charms
 + Level 15.1 Summonings
 + Level 15.1 Necromancy
 + Level 15.1 Translocations
 + Level 15.1 Transmutations
 + Level 15.1 Fire Magic
 + Level 15.1 Ice Magic
 + Level 15.1 Air Magic
 + Level 15.1 Earth Magic
 + Level 15.1 Poison Magic
 + Level 18.8 Invocations
 + Level 17.5 Evocations


You had 14 spell levels left.
You knew the following spells:

 Your Spells              Type           Power        Failure   Level  Hunger
a - Song of Slaying       Chrm           ######..     1%          2    None
b - Regeneration          Chrm/Necr      ######....   1%          3    None
c - Shroud of Golubria    Chrm/Tloc      ######....   1%          2    None
d - Blink                 Tloc           N/A          1%          2    None
e - Airstrike             Air            ######....   1%          4    #......
f - Cause Fear            Hex            ######....   1%          4    #......
g - Animate Dead          Necr           N/A          1%          4    #......
h - Aura of Abjuration    Summ           ######....   1%          5    ####...
i - Dispel Undead         Necr           ######..     1%          5    ####...
j - Borgnjor's Vile Clut  Necr/Erth      ######....   1%          5    ####...
k - Silence               Hex/Air        ######....   1%          5    ####...
l - Shadow Creatures      Summ           N/A          4%          6    ######.

Your spell library contained the following spells:

 Spells                   Type           Power        Failure   Level  Hunger
 Beastly Appendage        Tmut           ######       1%          1    None
 Confusing Touch          Hex            ######       1%          1    None
 Corona                   Hex            ######.      1%          1    None
 Flame Tongue             Conj/Fire      #####        1%          1    None
 Freeze                   Ice            ####         1%          1    None
 Infusion                 Chrm           ####         1%          1    None
 Magic Dart               Conj           ####         1%          1    None
 Sandblast                Erth           ######       1%          1    None
 Shock                    Conj/Air       ####         1%          1    None
 Sting                    Conj/Pois      ####         1%          1    None
 Summon Butterflies       Summ           ######..     1%          1    None
 Summon Small Mammal      Summ           ####         1%          1    None
 Call Imp                 Summ           ######..     1%          2    None
 Corpse Rot               Necr           N/A          1%          2    None
 Ensorcelled Hibernation  Hex/Ice        ######       1%          2    None
 Passwall                 Tmut/Erth      ######..     1%          2    None
 Poisonous Vapours        Pois/Air       ######       1%          2    None
 Searing Ray              Conj           ######       1%          2    None
 Slow                     Hex            ######..     1%          2    None
 Sticks to Snakes         Tmut           ######..     1%          2    None
 Sublimation of Blood     Necr           ######....   1%          2    None
 Swiftness                Chrm/Air       ######..     1%          2    None
 Throw Flame              Conj/Fire      ######       1%          2    None
 Throw Frost              Conj/Ice       ######       1%          2    None
 Call Canine Familiar     Summ           ######..     1%          3    None
 Confuse                  Hex            ######..     1%          3    None
 Conjure Flame            Conj/Fire      ######..     1%          3    None
 Dazzling Spray           Conj/Hex       ######       1%          3    None
 Gell's Gravitas          Tloc           ######....   1%          3    None
 Ignite Poison            Fire/Tmut/Pois ######..     1%          3    None
 Inner Flame              Hex/Fire       ######..     1%          3    None
 Mephitic Cloud           Conj/Pois/Air  ######..     1%          3    None
 Ozocubu's Armour         Chrm/Ice       ######..     1%          3    None
 Portal Projectile        Hex/Tloc       ######       1%          3    None
 Recall                   Summ/Tloc      N/A          1%          3    None
 Spectral Weapon          Hex/Chrm       ######..     1%          3    None
 Spider Form              Tmut/Pois      ######....   1%          3    None
 Static Discharge         Conj/Air       ######..     1%          3    None
 Stone Arrow              Conj/Erth      ######       1%          3    None
 Summon Guardian Golem    Hex/Summ       ######..     1%          3    None
 Force Lance              Conj/Tloc      ######..     1%          4    #......
 Fulminant Prism          Conj/Hex       ######....   1%          4    #......
 Ice Form                 Ice/Tmut       ######..     1%          4    #......
 Iskenderun's Mystic Bla  Conj           ######..     1%          4    #......
 Leda's Liquefaction      Hex/Erth       ######....   1%          4    #......
 Olgreb's Toxic Radiance  Pois           ######..     1%          4    #......
 Petrify                  Tmut/Erth      ######..     1%          4    #......
 Sticky Flame             Conj/Fire      ######..     1%          4    #......
 Summon Ice Beast         Ice/Summ       ######..     1%          4    #......
 Summon Lightning Spire   Summ/Air       ######..     1%          4    #......
 Throw Icicle             Conj/Ice       ######..     1%          4    #......
 Agony                    Necr           ######..     1%          5    ####...
 Alistair's Intoxication  Tmut/Pois      ######..     1%          5    ####...
 Blade Hands              Tmut           ######....   1%          5    ####...
 Bolt of Draining         Conj/Necr      ######....   1%          5    ####...
 Bolt of Magma            Conj/Fire/Erth ######....   1%          5    ####...
 Excruciating Wounds      Chrm/Necr      ######....   1%          5    ####...
 Fireball                 Conj/Fire      ######....   1%          5    ####...
 Irradiate                Conj/Tmut      ######....   1%          5    ####...
 Iskenderun's Battlesphe  Conj/Chrm      ######..     1%          5    ####...
 Lee's Rapid Deconstruct  Erth           ######....   1%          5    ####...
 Lightning Bolt           Conj/Air       ######....   1%          5    ####...
 Metabolic Englaciation   Hex/Ice        ######....   1%          5    ####...
 Summon Demon             Summ           ######....   1%          5    ####...
 Summon Forest            Summ/Tloc      ######....   1%          5    ####...
 Summon Mana Viper        Hex/Summ       ######..     1%          5    ####...
 Venom Bolt               Conj/Pois      ######....   1%          5    ####...
 Yara's Violent Unravell  Hex/Tmut       ######....   1%          5    ####...
 Bolt of Fire             Conj/Fire      ######....   4%          6    ######.
 Conjure Ball Lightning   Conj/Air       ######....   4%          6    ######.
 Darkness                 Hex            ######....   4%          6    ######.
 Deflect Missiles         Chrm/Air       ######....   4%          6    ######.
 Hydra Form               Tmut           ######....   4%          6    ######.
 Iron Shot                Conj/Erth      ######....   4%          6    ######.
 Ozocubu's Refrigeration  Ice            ######....   4%          6    ######.
 Poison Arrow             Conj/Pois      ######....   4%          6    ######.
 Simulacrum               Ice/Necr       ######....   4%          6    ######.
 Statue Form              Tmut/Erth      ######...    4%          6    ######.
 Dragon Form              Tmut           ######....   17%         7    #######
 Orb of Destruction       Conj           ######....   17%         7    #######
 Spellforged Servitor     Conj/Summ      ######....   17%         7    #######
 Summon Hydra             Summ           ######....   17%         7    #######
 Chain Lightning          Conj/Air       ######....   75%         8    #######
 Ignition                 Fire           ######....   75%         8    #######
 Lehudib's Crystal Spear  Conj/Erth      ######....   75%         8    #######
 Dragon's Call            Summ           ######....   100%        9    #######
 Fire Storm               Conj/Fire      ######....   100%        9    #######
 Glaciate                 Conj/Ice       ######....   100%        9    #######
 Shatter                  Erth           ######....   100%        9    #######
 Tornado                  Air            ######....   100%        9    #######


Dungeon Overview and Level Annotations

Branches:
Dungeon (15/15)            Temple (1/1) D:7            Lair (6/6) D:8
  Swamp (4/4) Lair:3       Spider (4/4) Lair:4        Slime (0/5) Lair:5
    Orc (2/2) D:11            Elf (3/3) Orc:2        Vaults (5/5) D:14
  Crypt (2/3) Vaults:2     Depths (5/5) D:15            Zot (0/5) Depths:5

Altars:
Ashenzari
Cheibriados
Dithmenos
Elyvilon
Fedhas
Gozag
Hepliaklqana
Kikubaaqudgha
Makhleb
Nemelex Xobeh
Okawaru
Qazlal
Ru
Sif Muna
Trog
Uskayaw
Vehumet
Wu Jian
Xom
Yredelemnul
Zin
The Shining One
Beogh
Jiyva

Shops:
D:8 *   D:11 [   D:15 [   Orc:2 =([[=*   Elf:2 [!((*   Lair:4 ?   Spider:1 [
Vaults:2 :   Vaults:3 *   Vaults:4 %:   Vaults:5 [(   Crypt:1 (   Depths:1 =
Depths:5 }*(

Portals:
Hell: Depths:1 Depths:2 Depths:3 Depths:4 Depths:5
Abyss: Depths:1 Depths:3 Depths:4
Pandemonium: Depths:2 Depths:3 Depths:5
Trove: D:15 (give +2 gold dragon scales)

Annotations:
Lair:5 1 runed translucent door
Crypt:2 Sojobo
Zig:5 exclusions: ice statue, obsidian statue and orange crystal statue


Innate Abilities, Weirdness & Mutations

Your experience applies equally to all skills.
You have very sharp teeth.
Your uncanny sense of smell can sniff out nearby items.
You have large cloven feet.
You are agile. (Dex +2)
Armour fits poorly on your strangely shaped body.
You are somewhat resistant to further mutation.
You are robust. (+10% HP)
Your spells are a little harder to cast, but a little more powerful.


Message History

The merfolk javelineer throws a javelin of penetration.
The javelin of penetration is repelled.
The obsidian statue's eyes glow briefly.
The ice statue gestures.
Found six items.
Found two gates leading back out of this place.
Found a stone staircase leading down.
Blink to where?
Press: ? - help, Dir - move target cursor
As you read the scroll of blinking, it crumbles to dust.
The crimson imp shouts!
The orange crystal statue fixes its piercing gaze on you.
You feel your power leaking away.
The crimson imp laughs crazily.
Press: ? - help, v - describe, . - travel, g - get item 2 scrolls of holy word.
A gate leading back out of this place.
Z - 4 scrolls of holy word (gained 2)
The harpy claws you!
You die...

▓▓▓▓▓▓▓ .......
▓▓▓▓.......▓▓▓▓
▓≈≈mm...5.....▓
▓≈)≈m8...8....▓
▓m)mY.YmY.55)∩▓
▓≈HHm.......=>▓
▓≈m≈m.mHm.H.H@▓
▓≈≈m.(≈Hm8....▓
▓..E..Em......▓
▓▓▓▓.......▓▓▓▓
▓....§..▓
▓▓▓▓▓▓▓▓▓


You could see a merfolk javelineer, an orange crystal statue, an obsidian
statue, 4 merfolk, a water elemental, 4 harpies, 2 ice beasts, a crimson imp and
2 shadow imps.

Vanquished Creatures
  3 ancient liches
  Mennas (Depths:5)
  A juggernaut (Depths:3)
  The ghost of Vatovie the Slayer, a veteran MiFi of Makhleb (Vaults:3)
  Bai Suzhen (Vaults:3)
  the Lernaean hydra (Swamp:4)
  The ghost of Ciwiv the Executioner, a veteran FoFi of Dithmenos (Crypt:1)
  Xtahua (Depths:4)
  The ghost of ragingrage the Executioner, a veteran HOFi of Beogh (Vaults:4)
  4 golden dragons
  3 bone dragons
  A profane servitor (Abyss:2)
  7 liches
  An Ice Fiend (IceCv)
  2 tentacled monstrosities
  5 titans
  2 quicksilver dragons (Vaults:4)
  5 sphinxes
  4 deep elf blademasters
  7 tentacled starspawn
  4 deep elf master archers (Elf:3)
  An ancient champion (Crypt:2)
  A draconian monk (Depths:5)
  Gastronok (Lair:1)
  The ghost of Qyadack the Severer, an adept HOFi of Beogh (Spider:4)
  3 storm dragons
  A thorn hunter (Swamp:4)
  6 shadow dragons
  Agnes (D:14)
  6 tengu reavers
  Donald (Elf:1)
  12 fire giants
  A revenant (Crypt:2)
  An azure jelly (shapeshifter) (Vaults:4)
  20 frost giants
  23 vault wardens
  10 deep elf sorcerers
  3 iron dragons
  5 ghost moths
  An angel (Depths:2)
  3 deep elf elementalists
  4 ghouls
  2 emperor scorpions
  Aizul (Vaults:3)
  A cacodemon (Depths:5)
  Louise (D:14)
  A draconian shifter (Depths:5)
  3 orc warlords (Vaults:3)
  11 ironheart preservers
  4 draconian annihilators
  An entropy weaver (shapeshifter) (Vaults:4)
  A reaper (Depths:3)
  4 spriggan defenders
  24 stone giants
  2 bennus (Zig:2)
  8 deep elf demonologists
  10 vampire knights
  15 very ugly things
  3 entropy weavers
  14 deep elf annihilators
  3 yellow draconians (Depths:5)
  A black draconian (Depths:5)
  4 dire elephants (Lair:6)
  A purple draconian (Depths:5)
  A minotaur (Gauntlet)
  A red draconian (Depths:5)
  7 spark wasps
  13 ettins
  8 fire dragons
  6 deep elf death magi
  A merfolk impaler (Zig:5)
  6 deep elf high priests
  A green death (Zig:3)
  4 jiangshi (Crypt:1)
  22 yaktaur captains
  A naga warrior (Zig:4)
  9 rakshasas
  8 great orbs of eyes
  38 vault guards
  Harold (D:7)
  A ghost crab (Swamp:3)
  4 spriggan air magi
  10 ice dragons
  23 hydras
  A shambling mangrove (Swamp:3)
  Erica (D:9)
  45 two-headed ogres
  An anaconda (Lair:6)
  10 centaur warriors
  17 ogre magi
  10 death knights
  14 alligators
  6 tengu warriors
  9 deep troll shamans
  10 hell hogs
  18 death yaks
  10 deep troll earth magi
  11 thrashing horrors
  A death yak (shapeshifter) (Vaults:5)
  5 vampire magi
  12 spriggan berserkers
  A naga sharpshooter (Zig:4)
  3 orc high priests (Vaults:3)
  3 sun demons
  26 starcursed masses
  28 deep elf knights
  3 soul eaters
  20 skeletal warriors
  10 wretched stars
  4 iron trolls
  2 shadow wraiths (Vaults:4)
  2 spatial maelstroms (Abyss:2)
  A fire crab (shapeshifter) (D:14)
  8 hell knights
  Sonja (D:12)
  A death drake (Abyss:3)
  A shadow demon (Depths:2)
  A salamander mystic (Depths:3)
  3 sixfirhies
  9 swamp dragons
  A glowing orange brain (Depths:2)
  3 unseen horrors
  33 deep trolls
  A spriggan druid (Swamp:2)
  4 flayed ghosts
  18 deep elf archers
  19 orc knights
  A swamp dragon (shapeshifter) (Vaults:2)
  8 phantasmal warriors
  15 wizards
  3 necromancers
  An obsidian statue (Zig:5)
  12 ironbrand convokers
  An orb spider (shapeshifter) (D:15)
  9 harpies (Vaults:2)
  24 orb spiders
  A mana viper (Zig:4)
  A sphinx skeleton (Vaults:1)
  3 manticores
  56 deep elf magi
  10 elephants
  27 ugly things
  26 wolf spiders
  5 worldbinders
  3 cyclopes
  A faun (shapeshifter) (Depths:3)
  An orc sorcerer (Vaults:1)
  A guardian serpent (shapeshifter) (Vaults:3)
  A moth of wrath (shapeshifter) (Vaults:4)
  A cyclops (shapeshifter) (D:14)
  3 apocalypse crabs
  5 salamanders
  3 moths of wrath
  2 water nymphs (shapeshifter)
  15 vault sentinels
  5 naga magi
  5 black mambas
  2 ice statues
  A frost giant skeleton (Vaults:1)
  A guardian serpent (Zig:4)
  3 rust devils
  21 spiny frogs
  3 smoke demons
  3 gargoyles
  2 rime drakes
  A swamp worm zombie (Crypt:1)
  3 yaktaurs (shapeshifter)
  81 yaktaurs
  8 kobold demonologists
  11 komodo dragons
  3 anaconda simulacra (IceCv)
  7 ice devils
  4 orange demons
  12 freezing wraiths
  3 guardian mummies
  8 ancient zymes
  11 demonic crawlers
  A catoblepas skeleton (Crypt:1)
  2 golden dragon simulacra (IceCv)
  2 hellwings
  8 tengu conjurers
  A queen bee (shapeshifter) (Vaults:5)
  39 jumping spiders
  10 trolls
  8 tyrant leeches
  A queen ant zombie (Crypt:2)
  3 meliai (D:14)
  A wind drake (shapeshifter) (Abyss:3)
  A merfolk (Zig:5)
  26 hornets
  A merfolk (shapeshifter) (Gauntlet)
  2 polar bears
  2 wolf spider simulacra (IceCv)
  Grinder (D:5)
  A polar bear (shapeshifter) (D:13)
  9 raiju (Abyss:2)
  16 bog bodies
  A hydra skeleton (Crypt:1)
  A raiju (shapeshifter) (Depths:4)
  10 dream sheep
  20 blink frogs
  13 hippogriffs
  20 slime creatures
  An air elemental (Elf:1)
  18 large abominations
  7 ynoxinuls
  3 water elementals
  18 spriggans
  6 vampires
  88 redbacks
  A spriggan (shapeshifter) (Vaults:2)
  5 basilisks
  29 yaks
  6 shadows
  3 wyverns
  A fire elemental (Elf:1)
  A dire elephant simulacrum (IceCv)
  2 fire bats (Abyss:2)
  16 small abominations
  10 wraiths
  38 tarantellas
  A fire bat (shapeshifter) (Gauntlet)
  3 humans (shapeshifter)
  A yak (shapeshifter) (Gauntlet)
  5 neqoxecs
  5 golden eyes (Abyss:3)
  27 vampire mosquitoes
  Grum (Lair:1)
  6 chaos spawn
  3 harpy simulacra (IceCv)
  2 hungry ghosts (D:8)
  11 swamp worms
  5 insubstantial wisps
  Edmund (D:5)
  A deep troll zombie (Crypt:1)
  A naga (Zig:4)
  A merfolk zombie (Crypt:2)
  13 water moccasins
  An iron troll simulacrum (IceCv)
  3 hydra simulacra (IceCv)
  3 acid dragons
  12 porcupines
  A floating eye (shapeshifter) (Vaults:5)
  8 hell hounds (Depths:1)
  An acid dragon (shapeshifter) (Depths:1)
  An orb spider zombie (Crypt:1)
  A floating eye (Depths:3)
  An ogre skeleton (Vaults:1)
  A sky beast (shapeshifter) (Vaults:4)
  27 orc warriors
  17 swamp drakes
  8 ice beasts
  8 sky beasts
  An eye of draining (shapeshifter) (D:14)
  2 ettin simulacra (IceCv)
  A black bear (D:7)
  48 ogres
  2 phantoms (D:9)
  An alligator simulacrum (IceCv)
  A necrophage (Crypt:1)
  18 wolves
  11 boggarts
  7 centaurs
  2 orc skeletons (Vaults:1)
  12 crocodiles
  7 big kobolds
  A gnoll sergeant (D:11)
  21 bullfrogs
  A wyvern zombie (D:13)
  4 earth elementals
  A water moccasin zombie (D:6)
  3 wyvern skeletons
  A water moccasin skeleton (D:6)
  2 elephant simulacra (IceCv)
  A swamp dragon simulacrum (IceCv)
  4 killer bees (D:10)
  3 electric eels
  6 howler monkeys
  7 wights
  6 crimson imps
  A yaktaur simulacrum (Vaults:1)
  2 centaur zombies
  2 bullfrog zombies
  3 draconian simulacra (IceCv)
  22 orc priests
  7 jellies
  6 hounds
  4 quasits
  Crazy Yiuf (D:5)
  3 human zombies (Crypt:1)
  A gnoll shaman (Orc:2)
  4 bullfrog skeletons
  13 iron imps
  2 centaur skeletons (D:11)
  2 iguanas
  18 orc wizards
  A human skeleton (Crypt:1)
  3 spriggan simulacra (IceCv)
  10 worker ants
  A crocodile zombie (Crypt:1)
  2 centaur simulacra (IceCv)
  7 mummies
  8 gnolls
  A howler monkey skeleton (Crypt:1)
  2 ogre simulacra (IceCv)
  12 adders
  4 naga simulacra (IceCv)
  9 shadow imps
  11 white imps
  10 ufetubi
  8 oozes
  2 adder skeletons
  2 worms
  4 dart slugs
  7 leopard geckos
  78 orcs
  3 ball pythons
  5 giant cockroaches
  10 goblins
  10 hobgoblins
  2 jackals (D:6)
  34 kobolds
  6 quokkas
  10 bats
  4 frilled lizards
  An orc simulacrum (Abyss:2)
  A quokka zombie (D:5)
  5 rats
  A river rat skeleton (Crypt:2)
  2 lurking horrors
  6 plants
  6 starspawn tentacles (Abyss:2)
2451 creatures vanquished.

Vanquished Creatures (collateral kills)
  A yaktaur captain (Vaults:5)
  A redback (Spider:1)
2 creatures vanquished.

Vanquished Creatures (others)
  A tengu reaver (Vaults:5)
  27 dancing weapons
  A vampire mage (Depths:5)
  A deep troll earth mage (Depths:1)
  A deep elf archer (Elf:1)
  A spriggan druid (Swamp:4)
  An ironbrand convoker (Vaults:1)
  An orb spider (Spider:1)
  A tengu conjurer (Depths:4)
  4 dream sheep (Lair:2)
  2 redbacks (Spider:1)
  An ufetubus (IceCv)
  A river rat skeleton (Crypt:2)
  3 bushes (Lair:6)
  22 fungi
  A lurking horror (Abyss:2)
  29 plants
  14 starspawn tentacles (Abyss:2)
112 creatures vanquished.

Grand Total: 2565 creatures vanquished

Notes
Turn   | Place    | Note
-------+----------+-------------------------------------------
     0 | D:1      | vishdafish the Gnoll Fighter began the quest for the Orb.
     0 | D:1      | Reached XP level 1. HP: 23/23 MP: 1/1
    89 | D:1      | Reached XP level 2. HP: 23/29 MP: 2/2
   177 | D:1      | Reached XP level 3. HP: 33/35 MP: 3/3
   698 | D:2      | Reached skill level 1 in Invocations
   800 | D:2      | Reached skill level 1 in Short Blades
   800 | D:2      | Reached skill level 1 in Axes
   800 | D:2      | Reached skill level 1 in Maces & Flails
   800 | D:2      | Reached skill level 1 in Polearms
   800 | D:2      | Reached skill level 1 in Staves
   800 | D:2      | Reached skill level 1 in Slings
   800 | D:2      | Reached skill level 1 in Bows
   800 | D:2      | Reached skill level 1 in Crossbows
   800 | D:2      | Reached skill level 1 in Throwing
   800 | D:2      | Reached skill level 1 in Dodging
   800 | D:2      | Reached skill level 1 in Stealth
   800 | D:2      | Reached skill level 1 in Unarmed Combat
   800 | D:2      | Reached skill level 1 in Spellcasting
   800 | D:2      | Reached skill level 1 in Evocations
   814 | D:2      | Reached XP level 4. HP: 18/41 MP: 5/5
  1283 | D:2      | You fall through a shaft!
  1306 | D:3      | Reached skill level 1 in Conjurations
  1306 | D:3      | Reached skill level 1 in Hexes
  1306 | D:3      | Reached skill level 1 in Charms
  1306 | D:3      | Reached skill level 1 in Summonings
  1306 | D:3      | Reached skill level 1 in Necromancy
  1306 | D:3      | Reached skill level 1 in Translocations
  1306 | D:3      | Reached skill level 1 in Transmutations
  1306 | D:3      | Reached skill level 1 in Fire Magic
  1306 | D:3      | Reached skill level 1 in Ice Magic
  1306 | D:3      | Reached skill level 1 in Air Magic
  1306 | D:3      | Reached skill level 1 in Earth Magic
  1306 | D:3      | Reached skill level 1 in Poison Magic
  1314 | D:3      | Reached XP level 5. HP: 20/47 MP: 6/6
  2110 | D:4      | Reached XP level 6. HP: 51/53 MP: 8/8
  2144 | D:4      | Found an opulent altar of Gozag.
  2150 | D:4      | Became a worshipper of Gozag Ym Sagoz the Greedy
  2457 | D:5      | Entered Level 5 of the Dungeon
  2467 | D:5      | Reached skill level 5 in Long Blades
  2538 | D:5      | Noticed Grinder
  2540 | D:5      | Paralysed by Grinder for 7 turns
  2554 | D:5      | Killed Grinder
  2554 | D:5      | Reached XP level 7. HP: 41/60 MP: 10/10
  2557 | D:5      | Noticed Edmund
  2567 | D:5      | Killed Edmund
  2667 | D:5      | Found a runed translucent door.
  2668 | D:5      | Noticed Crazy Yiuf
  2722 | D:5      | You fall through a shaft for 3 floors!
  2739 | D:8      | Noticed a hungry ghost
  2759 | D:8      | Killed a hungry ghost
  2796 | D:8      | Reached XP level 8. HP: 44/67 MP: 12/12
  2920 | D:8      | Noticed a yak
  2952 | D:8      | Killed a yak
  3482 | D:7      | Found a staircase to the Ecumenical Temple.
  3542 | D:6      | Reached XP level 9. HP: 60/72 MP: 14/14
  4710 | D:5      | Killed Crazy Yiuf
  5059 | D:6      | Noticed a cyclops
  5078 | D:6      | Killed a cyclops
  5089 | D:6      | Reached skill level 5 in Invocations
  5817 | D:7      | Reached XP level 10. HP: 60/80 MP: 17/17
  6261 | D:7      | Got a translucent silver ring
  7024 | D:7      | Identified the cursed ring "Tyohoeps" {rC+ AC-5} (You found
                  | it on level 7 of the Dungeon)
  7097 | D:7      | Reached skill level 5 in Short Blades
  7097 | D:7      | Reached skill level 5 in Axes
  7097 | D:7      | Reached skill level 5 in Maces & Flails
  7097 | D:7      | Reached skill level 5 in Polearms
  7097 | D:7      | Reached skill level 5 in Staves
  7097 | D:7      | Reached skill level 5 in Slings
  7097 | D:7      | Reached skill level 5 in Bows
  7097 | D:7      | Reached skill level 5 in Crossbows
  7097 | D:7      | Reached skill level 5 in Throwing
  7097 | D:7      | Reached skill level 5 in Dodging
  7097 | D:7      | Reached skill level 5 in Stealth
  7097 | D:7      | Reached skill level 5 in Unarmed Combat
  7097 | D:7      | Reached skill level 5 in Spellcasting
  7097 | D:7      | Reached skill level 5 in Evocations
  7163 | D:7      | Noticed Harold
  7178 | D:7      | Killed Harold
  7627 | D:8      | Got a fabulously ornate robe
  7638 | D:8      | Identified the +0 robe of the Lost Path {rN+ Regen+ rCorr
                  | Dex+2} (You found it on level 8 of the Dungeon)
  8047 | D:8      | Found a basalt altar of Yredelemnul.
  8075 | D:8      | Found Aseni's Assorted Antiques.
  8084 | D:8      | Bought a potion of curing for 69 gold pieces
  8084 | D:8      | Bought a potion of curing for 69 gold pieces
  8084 | D:8      | Bought a scroll labeled LOIFYIHALU for 23 gold pieces
  8084 | D:8      | Bought a crude scale mail for 207 gold pieces
  8084 | D:8      | Bought a notched marble ring for 115 gold pieces
  8094 | D:8      | Identified the cursed +0 scale mail of Virtue {Str+4} (You
                  | bought it in a shop on level 8 of the Dungeon)
  8146 | D:8      | Found a staircase to the Lair.
  8771 | D:9      | Noticed Erica
  8784 | D:9      | Killed Erica
  8784 | D:9      | Reached XP level 11. HP: 76/87 MP: 19/19
  8816 | D:9      | Got a shimmering copper ring
  8817 | D:9      | Identified the ring "Azem" {rPois MR- AC+2 SInv Stlth-}
                  | (You found it on level 9 of the Dungeon)
  9145 | D:9      | Noticed a sun demon
  9739 | D:10     | Entered Level 10 of the Dungeon
  9749 | D:10     | Gained mutation: Your spells are a little harder to cast,
                  | but a little more powerful. [potion of mutation]
  9749 | D:10     | Gained mutation: You are robust. (+10% HP) [potion of
                  | mutation]
  9763 | D:10     | Reached skill level 5 in Conjurations
  9763 | D:10     | Reached skill level 5 in Hexes
  9763 | D:10     | Reached skill level 5 in Charms
  9763 | D:10     | Reached skill level 5 in Summonings
  9763 | D:10     | Reached skill level 5 in Necromancy
  9763 | D:10     | Reached skill level 5 in Translocations
  9763 | D:10     | Reached skill level 5 in Transmutations
  9763 | D:10     | Reached skill level 5 in Fire Magic
  9763 | D:10     | Reached skill level 5 in Ice Magic
  9763 | D:10     | Reached skill level 5 in Air Magic
  9763 | D:10     | Reached skill level 5 in Earth Magic
  9763 | D:10     | Reached skill level 5 in Poison Magic
 10594 | D:11     | Found a roughly hewn altar of Beogh.
 10594 | D:11     | Found a staircase to the Orcish Mines.
 10772 | D:11     | Noticed an orc knight
 10802 | D:11     | Killed an orc knight
 11121 | D:11     | Noticed an ice dragon
 11132 | D:11     | Noticed a red ugly thing
 11586 | D:11     | Bought a runed helmet for 255 gold pieces
 11738 | D:11     | Killed a red ugly thing
 12316 | Lair:1   | Entered Level 1 of the Lair of Beasts
 12328 | Lair:1   | Noticed Grum
 12447 | D:8      | Reached XP level 12. HP: 48/105 MP: 22/22
 12780 | Lair:1   | Noticed a four-headed hydra
 12783 | Lair:1   | Noticed Gastronok
 12791 | Lair:1   | Killed Gastronok
 13070 | Lair:1   | Found a glowing golden altar of the Shining One.
 13080 | Lair:1   | Killed a one-headed hydra
 13165 | Lair:1   | Noticed a six-headed hydra
 13171 | Lair:1   | Killed a five-headed hydra
 13438 | Lair:1   | Killed Grum
 13703 | Lair:2   | Found a dark tunnel.
 13799 | Lair:2   | Reached skill level 10 in Fighting
 13799 | Lair:2   | Reached skill level 10 in Armour
 13799 | Lair:2   | Reached skill level 10 in Shields
 14410 | Lair:1   | Reached XP level 13. HP: 86/113 MP: 24/24
 14829 | Lair:2   | Found a shimmering altar of Xom.
 15596 | Lair:3   | Found a staircase to the Swamp.
 15661 | Lair:3   | Got a jewelled hand axe
 15662 | Lair:3   | Identified the +6 hand axe of the Philosopher {elec, rN+}
                  | (You found it on level 3 of the Lair of Beasts)
 16066 | Lair:4   | Bought a scroll of identify for 32 gold pieces
 16066 | Lair:4   | Bought a scroll of identify for 32 gold pieces
 16066 | Lair:4   | Bought a scroll of holy word for 120 gold pieces
 16066 | Lair:4   | Bought a scroll of enchant armour for 120 gold pieces
 16066 | Lair:4   | Bought a scroll of enchant weapon for 120 gold pieces
 16066 | Lair:4   | Bought a scroll of enchant weapon for 120 gold pieces
 16456 | Lair:4   | Found a hole to the Spider Nest.
 17641 | Lair:5   | Found a runed translucent door.
 17779 | Lair:5   | Found a viscous altar of Jiyva.
 17779 | Lair:5   | Noticed an azure jelly
 17780 | Lair:5   | Found a staircase to the Slime Pits.
 17780 | Lair:5   | Noticed an azure jelly
 17956 | Lair:6   | Entered Level 6 of the Lair of Beasts
 18036 | Lair:6   | Reached XP level 14. HP: 120/122 MP: 26/26
 18374 | Lair:6   | Reached skill level 10 in Long Blades
 20011 | Lair:6   | Reached skill level 10 in Invocations
 20977 | Lair:6   | Noticed a dire elephant
 20977 | Lair:6   | Noticed a dire elephant
 20987 | Lair:6   | Killed a dire elephant
 20997 | Lair:6   | Killed a dire elephant
 21189 | Lair:6   | Learned a level 2 spell: Song of Slaying
 21205 | Lair:6   | Noticed a dire elephant
 21215 | Lair:6   | Killed a dire elephant
 21246 | Lair:6   | Noticed a dire elephant
 21259 | Lair:6   | Killed a dire elephant
 21625 | Orc:1    | Entered Level 1 of the Orcish Mines
 21684 | Orc:1    | Noticed a stone giant
 21688 | Orc:1    | Killed a stone giant
 21946 | Orc:2    | Entered Level 2 of the Orcish Mines
 21987 | Orc:2    | Found Tuudas's Assorted Antiques.
 22001 | Orc:2    | Bought a lead wand for 88 gold pieces
 22001 | Orc:2    | Bought a fuming cyan potion for 19 gold pieces
 22001 | Orc:2    | Bought a scroll of teleportation for 66 gold pieces
 22001 | Orc:2    | Bought a scroll of identify for 44 gold pieces
 22001 | Orc:2    | Bought a scroll of teleportation for 66 gold pieces
 22081 | Orc:2    | Found a staircase to the Elven Halls.
 22299 | Orc:2    | Found Ofoe's Armour Emporium.
 22299 | Orc:2    | Found Gutyilil's Jewellery Shop.
 22312 | Orc:2    | Reached XP level 15. HP: 122/130 MP: 26/28
 22335 | Orc:2    | Found Nuppu's Antique Weapon Boutique.
 22335 | Orc:2    | Found Geeg's Antique Armour Emporium.
 22583 | Orc:2    | Bought the +10 ice dragon scales "Daicy" {rF- rC++ Str+4
                  | Int+2} for 1678 gold pieces
 22788 | D:12     | Noticed Sonja
 22790 | D:12     | Killed Sonja
 23055 | D:12     | Reached skill level 10 in Short Blades
 23055 | D:12     | Reached skill level 10 in Axes
 23055 | D:12     | Reached skill level 10 in Maces & Flails
 23055 | D:12     | Reached skill level 10 in Polearms
 23055 | D:12     | Reached skill level 10 in Staves
 23055 | D:12     | Reached skill level 10 in Slings
 23055 | D:12     | Reached skill level 10 in Bows
 23055 | D:12     | Reached skill level 10 in Crossbows
 23055 | D:12     | Reached skill level 10 in Throwing
 23055 | D:12     | Reached skill level 10 in Dodging
 23055 | D:12     | Reached skill level 10 in Stealth
 23055 | D:12     | Reached skill level 10 in Unarmed Combat
 23055 | D:12     | Reached skill level 10 in Spellcasting
 23055 | D:12     | Reached skill level 10 in Evocations
 23284 | D:13     | Found a gate leading to a gauntlet.
 23319 | Gauntlet | Entered a Gauntlet
 23319 | Gauntlet | Found a transporter.
 23319 | Gauntlet | Found a transporter.
 23331 | Gauntlet | Found a transporter.
 23344 | Gauntlet | Found a transporter.
 23364 | Gauntlet | Found a transporter.
 23380 | Gauntlet | Found a transporter.
 23382 | Gauntlet | Found a large runed translucent door.
 23383 | Gauntlet | Found a large runed translucent door.
 23384 | Gauntlet | Found a large runed translucent door.
 23384 | Gauntlet | Found a large runed translucent door.
 23384 | Gauntlet | Found a runed translucent door.
 23384 | Gauntlet | Found a runed translucent door.
 23385 | Gauntlet | Found a large runed translucent door.
 23386 | Gauntlet | Found a large runed translucent door.
 23386 | Gauntlet | Found a large runed translucent door.
 23386 | Gauntlet | Found a large runed translucent door.
 23387 | Gauntlet | Found a large runed translucent door.
 23388 | Gauntlet | Found a large runed translucent door.
 23395 | Gauntlet | Found a large runed translucent door.
 23395 | Gauntlet | Found a large runed translucent door.
 23396 | Gauntlet | Found a large runed translucent door.
 23396 | Gauntlet | Found a large runed translucent door.
 23396 | Gauntlet | Found a large runed translucent door.
 23396 | Gauntlet | Found a large runed translucent door.
 23466 | Gauntlet | Found a transporter.
 23483 | Gauntlet | Found a transporter.
 23501 | Gauntlet | Found a transporter.
 23516 | Gauntlet | Found a transporter.
 23593 | Gauntlet | Found a transporter.
 23593 | Gauntlet | Found a transporter.
 23753 | Gauntlet | Got a heavily runed helmet
 23764 | Gauntlet | Identified the +0 helmet "Pira" {MR+} (You found it in a
                  | Gauntlet)
 23946 | Gauntlet | Found a transporter.
 23948 | Gauntlet | Found a runed translucent gate.
 23968 | Gauntlet | Found a runed translucent gate.
 23968 | Gauntlet | Found a runed translucent gate.
 23969 | Gauntlet | Found a transporter.
 23986 | Gauntlet | Found a transporter.
 24611 | Orc:2    | Bought the ring "Luenwam" {rF+ MR+ Str+7 Dex+3} for 900
                  | gold pieces
 25982 | Spider:1 | Entered Level 1 of the Spider Nest
 26180 | Spider:1 | Reached XP level 16. HP: 139/139 MP: 30/30
 30592 | Spider:4 | Entered Level 4 of the Spider Nest
 30653 | Spider:4 | Reached XP level 17. HP: 145/148 MP: 32/32
 31808 | Spider:4 | Got a gossamer rune of Zot
 32239 | Spider:4 | Found a runed translucent door.
 32253 | Spider:4 | Noticed Qyadack's ghost (adept HOFi)
 32271 | Spider:4 | Killed Qyadack's ghost
 33058 | D:14     | Found a bloodstained altar of Trog.
 33264 | Orc:2    | Bought the amulet "Jotuumog" {+Rage rC+ rN+++ Str+4 Dex+4}
                  | for 1377 gold pieces
 33593 | D:14     | Found a gate to the Vaults.
 33890 | D:14     | Noticed Agnes
 33911 | D:14     | Killed Agnes
 33950 | D:14     | Noticed Louise
 34016 | D:14     | Killed Louise
 34407 | D:14     | Found a glowing golden altar of the Shining One.
 34510 | D:15     | Entered Level 15 of the Dungeon
 34721 | D:15     | Reached skill level 10 in Conjurations
 34721 | D:15     | Reached skill level 10 in Hexes
 34721 | D:15     | Reached skill level 10 in Charms
 34721 | D:15     | Reached skill level 10 in Summonings
 34721 | D:15     | Reached skill level 10 in Necromancy
 34721 | D:15     | Reached skill level 10 in Translocations
 34721 | D:15     | Reached skill level 10 in Transmutations
 34721 | D:15     | Reached skill level 10 in Fire Magic
 34721 | D:15     | Reached skill level 10 in Ice Magic
 34721 | D:15     | Reached skill level 10 in Air Magic
 34721 | D:15     | Reached skill level 10 in Earth Magic
 34721 | D:15     | Reached skill level 10 in Poison Magic
 34724 | D:15     | Found a staircase to the Depths.
 34837 | D:15     | Reached XP level 18. HP: 151/157 MP: 33/33
 34840 | D:15     | Found a sacrificial altar of Ru.
 34954 | D:15     | Found a portal to a secret trove of treasure.
 35179 | Vaults:1 | Entered Level 1 of the Vaults
 36000 | Vaults:1 | Noticed a tentacled monstrosity
 36016 | Vaults:1 | Killed a tentacled monstrosity
 37147 | Vaults:2 | Found a staircase to the Crypt.
 37223 | Vaults:2 | Reached XP level 19. HP: 154/166 MP: 35/35
 37239 | Vaults:2 | Found Yrutso's Book Shoppe.
 37484 | Vaults:2 | Identified the Compendium of Venomous Black Arts
 38970 | Vaults:3 | Noticed Aizul
 38970 | Vaults:3 | Noticed Bai Suzhen
 39148 | Vaults:3 | Killed Aizul
 39202 | Vaults:3 | Found a runed translucent gate.
 39210 | Vaults:3 | Found a runed translucent gate.
 39210 | Vaults:3 | Found a runed translucent gate.
 39210 | Vaults:3 | Noticed Vatovie's ghost (veteran MiFi)
 39222 | Vaults:3 | Found Zaebrosaz's General Store.
 39232 | Vaults:3 | Bought 2 potions of curing for 78 gold pieces
 39232 | Vaults:3 | Bought a scroll of identify for 26 gold pieces
 39232 | Vaults:3 | Bought a scroll of teleportation for 39 gold pieces
 39232 | Vaults:3 | Bought a scroll of blinking for 97 gold pieces
 39344 | Vaults:3 | Found a roughly hewn altar of Beogh.
 39717 | Vaults:3 | Reached XP level 20. HP: 168/174 MP: 36/36
 39792 | Vaults:3 | Identified Sif Muna's Papyrus of Creative Attacks
 39906 | Vaults:3 | Found a roughly hewn altar of Beogh.
 40012 | Vaults:3 | Killed Bai Suzhen
 41006 | Elf:1    | Entered Level 1 of the Elven Halls
 41787 | Elf:1    | Noticed Donald
 41812 | Elf:1    | Killed Donald
 42002 | Elf:1    | Found a bloodstained altar of Trog.
 42278 | Elf:2    | Found a frozen archway.
 42315 | IceCv    | Entered an ice cave
 43065 | Elf:2    | Found Evihaci's Assorted Antiques.
 43114 | Elf:2    | Bought a scroll of magic mapping for 133 gold pieces
 43200 | Elf:2    | Cast into level 2 of the Abyss (a deep elf sorcerer)
 43365 | Abyss:2  | Learned a level 3 spell: Regeneration
 43456 | Abyss:2  | Noticed a profane servitor
 43477 | Abyss:2  | Noticed a bone dragon
 43480 | Abyss:2  | Killed a profane servitor
 43489 | Abyss:2  | Killed a bone dragon
 43697 | Abyss:2  | Noticed a lich
 43703 | Abyss:2  | Paralysed by a lich for 3 turns
 43708 | Abyss:2  | Killed a lich
 43708 | Abyss:2  | Reached XP level 21. HP: 182/182 MP: 38/38
 43781 | Abyss:2  | Gained mutation: Your body sometimes deteriorates upon
                  | taking damage. [a neqoxec]
 43784 | Abyss:2  | Gained mutation: Your spells are harder to cast, but more
                  | powerful. [a neqoxec]
 43904 | Abyss:2  | Gained mutation: Armour fits poorly on your strangely
                  | shaped body. [a neqoxec]
 43978 | Abyss:2  | Lost mutation: Your spells are harder to cast, but more
                  | powerful. [potion of mutation]
 43978 | Abyss:2  | Lost mutation: Your body sometimes deteriorates upon taking
                  | damage. [potion of mutation]
 43978 | Abyss:2  | Gained mutation: You are agile. (Dex +2) [potion of
                  | mutation]
 43978 | Abyss:2  | Gained mutation: You have large cloven feet. [potion of
                  | mutation]
 43978 | Abyss:2  | Gained mutation: You are somewhat resistant to further
                  | mutation. [potion of mutation]
 44667 | Abyss:2  | Paralysed by accursed screaming for 2 turns
 45200 | Abyss:3  | Reached skill level 15 in Fighting
 45200 | Abyss:3  | Reached skill level 15 in Armour
 45200 | Abyss:3  | Reached skill level 15 in Shields
 45590 | Abyss:3  | Noticed a bone dragon
 45613 | Abyss:3  | Killed a bone dragon
 45613 | Abyss:3  | Reached skill level 15 in Invocations
 45658 | Abyss:4  | Identified a scroll of acquirement
 45767 | Abyss:4  | Found a shimmering altar of Xom.
 45769 | Elf:2    | Escaped the Abyss
 46343 | Elf:2    | Found a runed translucent gate.
 46343 | Elf:2    | Found a runed translucent gate.
 46343 | Elf:2    | Found a runed translucent gate.
 46567 | Elf:2    | Reached XP level 22. HP: 145/192 MP: 40/40
 46788 | Elf:2    | Bought a potion of curing for 60 gold pieces
 46788 | Elf:2    | Bought a potion of curing for 60 gold pieces
 46788 | Elf:2    | Bought a potion of haste for 200 gold pieces
 46788 | Elf:2    | Bought a potion of curing for 60 gold pieces
 46788 | Elf:2    | Bought a potion of heal wounds for 100 gold pieces
 46797 | Elf:3    | Entered Level 3 of the Elven Halls
 47113 | Elf:3    | Identified the ring "Atux" {rElec rN+ Dex+4}
 47168 | Elf:3    | Identified the +3 great sword "Bugosie" {freeze, *Corrode
                  | rN++ Str+6 SInv}
 47418 | Elf:3    | Identified the +10 dagger of Eternal Vigilance {elec,
                  | *Drain Str+4 Dex+3 SInv}
 47485 | Elf:3    | Reached skill level 15 in Long Blades
 47696 | Elf:3    | Identified Sif Muna's Disquisition on Enchanting Snow
 47743 | Elf:3    | Identified the cursed +1 ice dragon scales of Lugonu's
                  | Displeasure {*Drain rF- rC++ Dex+5 Stlth+} (You found it on
                  | level 3 of the Elven Halls)
 48052 | Elf:3    | Found a deep blue altar of Sif Muna.
 48823 | Depths:1 | Entered Level 1 of the Depths
 48855 | Depths:1 | Found a one-way gate to the infinite horrors of the Abyss.
 49048 | D:15     | Bought a steaming shield for 351 gold pieces
 49062 | D:15     | Identified the +2 shield "Fuliar" {Dex+5} (You bought it in
                  | a shop on level 15 of the Dungeon)
 50378 | Depths:1 | Reached XP level 23. HP: 133/201 MP: 41/41
 50569 | Depths:1 | Found a runed translucent door.
 50572 | Depths:1 | Found a radiant altar of Vehumet.
 50573 | Depths:1 | Noticed an ancient lich
 50678 | Depths:1 | Found a gateway to Hell.
 50727 | Depths:1 | Found Vaitzu's Jewellery Shop.
 50840 | Depths:1 | Killed an ancient lich
 50867 | Depths:1 | Identified the Incunabulum of Conjuration
 51556 | Depths:2 | Found a one-way gate leading to the halls of Pandemonium.
 52066 | Depths:2 | Found a glowing golden altar of the Shining One.
 52405 | Depths:3 | Reached skill level 15 in Short Blades
 52405 | Depths:3 | Reached skill level 15 in Axes
 52405 | Depths:3 | Reached skill level 15 in Maces & Flails
 52405 | Depths:3 | Reached skill level 15 in Polearms
 52405 | Depths:3 | Reached skill level 15 in Staves
 52405 | Depths:3 | Reached skill level 15 in Slings
 52405 | Depths:3 | Reached skill level 15 in Bows
 52405 | Depths:3 | Reached skill level 15 in Crossbows
 52405 | Depths:3 | Reached skill level 15 in Throwing
 52405 | Depths:3 | Reached skill level 15 in Dodging
 52405 | Depths:3 | Reached skill level 15 in Stealth
 52405 | Depths:3 | Reached skill level 15 in Unarmed Combat
 52405 | Depths:3 | Reached skill level 15 in Spellcasting
 52405 | Depths:3 | Reached skill level 15 in Evocations
 53264 | Depths:3 | Noticed a golden dragon
 53265 | Depths:3 | Noticed a juggernaut
 53279 | Depths:3 | Killed a golden dragon
 53287 | Depths:3 | Killed a juggernaut
 53437 | Depths:3 | Found the ring of the Octopus King
 53451 | Depths:3 | Identified the ring of Fasego {rN+ MR+ Slay+2 Stlth+} (You
                  | found it on level 3 of the Depths)
 53682 | Depths:4 | Noticed Xtahua
 53711 | Depths:3 | Reached XP level 24. HP: 137/210 MP: 42/42
 54038 | Depths:4 | Paralysed by Xtahua for 3 turns
 54300 | Depths:4 | Killed Xtahua
 55397 | Depths:5 | Entered Level 5 of the Depths
 55785 | Depths:5 | Identified Penuoth's Handbook of Summoning and Talismans
 56075 | Depths:5 | Found a gate to the Realm of Zot.
 56118 | Depths:5 | Reached XP level 25. HP: 220/220 MP: 42/42
 56574 | Depths:5 | Noticed Mennas
 56599 | Depths:5 | Killed Mennas
 56832 | Depths:5 | Found a gateway to a ziggurat.
 56842 | Depths:5 | Found Zotwi's Gadget Shoppe.
 56860 | Depths:5 | Bought a phantom mirror for 630 gold pieces
 57363 | Depths:5 | Bought a scroll of teleportation for 45 gold pieces
 57764 | Vaults:4 | Found Tydyh Sir's Book Emporium.
 58553 | Vaults:4 | Found Niheir's Food Shop.
 58583 | Vaults:4 | Found a radiant altar of Vehumet.
 58607 | Vaults:4 | Identified the +0 hat of Agoraphobia {SInv} (You found it
                  | on level 4 of the Vaults)
 58620 | Vaults:4 | Identified the +0 hat "Issuowas" {rF+ MR++} (You found it
                  | on level 4 of the Vaults)
 58852 | Vaults:4 | Found a runed translucent door.
 58852 | Vaults:4 | Noticed ragingrage's ghost (veteran HOFi)
 58917 | Vaults:4 | Killed ragingrage's ghost
 58970 | Vaults:5 | Entered Level 5 of the Vaults
 59300 | Vaults:4 | Reached XP level 26. HP: 164/228 MP: 43/43
 59603 | Vaults:5 | Noticed an ancient lich
 59605 | Vaults:5 | Paralysed by a floating eye for 3 turns
 59675 | Vaults:5 | Identified the ring "Noug" {rPois rN+ MR+ Stlth-}
 59826 | Vaults:5 | Noticed an ancient lich
 59849 | Vaults:5 | Killed an ancient lich
 60533 | Swamp:1  | Entered Level 1 of the Swamp
 62848 | Swamp:4  | Entered Level 4 of the Swamp
 64529 | Swamp:4  | Noticed the 27-headed Lernaean hydra
 64535 | Swamp:4  | Killed the 26-headed Lernaean hydra
 64661 | Swamp:4  | Got a decaying rune of Zot
 65271 | Vaults:3 | Killed Vatovie's ghost
 65585 | Vaults:4 | Reached XP level 27. HP: 236/238 MP: 43/43
 66330 | Vaults:4 | Killed an ancient lich
 66489 | Vaults:5 | Identified the cursed +3 halberd "Pewneff" {chop, rPois}
 66620 | Vaults:5 | Identified the +5 chain mail of Wochowka {+Inv rPois rN+}
 66747 | Vaults:5 | Identified the cursed +2 falchion "Demonslayer" {drain,
                  | *Rage *Corrode rElec SInv}
 67275 | Vaults:5 | Identified the Collected Works on the Lethal Volcanoes
 67444 | Vaults:5 | Got a silver rune of Zot
 67621 | Vaults:5 | Identified the amulet of Foolhardiness {Spirit rN+ Int+5}
                  | (You found it on level 5 of the Vaults)
 68343 | Crypt:1  | Entered Level 1 of the Crypt
 68683 | Crypt:1  | Found a runed translucent door.
 68684 | Crypt:1  | Found a shimmering altar of Xom.
 68684 | Crypt:1  | Noticed Ciwiv's ghost (veteran FoFi)
 68736 | Crypt:1  | Killed Ciwiv's ghost
 68736 | Crypt:1  | Reached skill level 15 in Conjurations
 68736 | Crypt:1  | Reached skill level 15 in Hexes
 68736 | Crypt:1  | Reached skill level 15 in Charms
 68736 | Crypt:1  | Reached skill level 15 in Summonings
 68736 | Crypt:1  | Reached skill level 15 in Necromancy
 68736 | Crypt:1  | Reached skill level 15 in Translocations
 68736 | Crypt:1  | Reached skill level 15 in Transmutations
 68736 | Crypt:1  | Reached skill level 15 in Fire Magic
 68736 | Crypt:1  | Reached skill level 15 in Ice Magic
 68736 | Crypt:1  | Reached skill level 15 in Air Magic
 68736 | Crypt:1  | Reached skill level 15 in Earth Magic
 68736 | Crypt:1  | Reached skill level 15 in Poison Magic
 69451 | Crypt:2  | Noticed Sojobo
 70300 | Temple   | Entered the Ecumenical Temple
 70519 | Temple   | Fell from the grace of Gozag
 70519 | Temple   | Became a worshipper of Cheibriados the Contemplative
 71314 | Zig:1    | Entered Level 1 of a ziggurat
 71331 | Zig:2    | Entered Level 2 of a ziggurat
 71373 | Zig:3    | Entered Level 3 of a ziggurat
 71517 | Zig:4    | Entered Level 4 of a ziggurat
 71577 | Zig:4    | Learned a level 2 spell: Shroud of Golubria
 71580 | Zig:4    | Learned a level 2 spell: Blink
 71585 | Zig:4    | Learned a level 4 spell: Airstrike
 71590 | Zig:4    | Learned a level 4 spell: Cause Fear
 71595 | Zig:4    | Learned a level 4 spell: Animate Dead
 71601 | Zig:4    | Learned a level 5 spell: Aura of Abjuration
 71607 | Zig:4    | Learned a level 5 spell: Dispel Undead
 71613 | Zig:4    | Learned a level 5 spell: Borgnjor's Vile Clutch
 71620 | Zig:4    | Learned a level 5 spell: Silence
 71627 | Zig:4    | Learned a level 6 spell: Shadow Creatures
 71629 | Zig:5    | Entered Level 5 of a ziggurat
 71645 | Zig:5    | Reached * piety under Cheibriados
 71653 | Zig:5    | HP: 5/240 [water nymph/the raging water (27)]
 71656 | Zig:5    | Mangled by a harpy

Skill      XL: |  1  2  3  4  5  6  7  8  9 10 11 12 13 14 15 16 17 18 19 20 21 22 23 24 25 26 27 |
---------------+----------------------------------------------------------------------------------+-----
Invocations    | 1 2 3 4 5 6 7 8 9 10 11 12 13 14 15 16 17 18 | 18.8
Short Blades   | 1 2 3 4 5 6 7 8 9 10 11 12 13 14 15 16 17 | 17.5
Axes           | 1 2 3 4 5 6 7 8 9 10 11 12 13 14 15 16 17 | 17.5
Maces & Flails | 1 2 3 4 5 6 7 8 9 10 11 12 13 14 15 16 17 | 17.5
Polearms       | 1 2 3 4 5 6 7 8 9 10 11 12 13 14 15 16 17 | 17.5
Staves         | 1 2 3 4 5 6 7 8 9 10 11 12 13 14 15 16 17 | 17.5
Slings         | 1 2 3 4 5 6 7 8 9 10 11 12 13 14 15 16 17 | 17.5
Bows           | 1 2 3 4 5 6 7 8 9 10 11 12 13 14 15 16 17 | 17.5
Crossbows      | 1 2 3 4 5 6 7 8 9 10 11 12 13 14 15 16 17 | 17.5
Throwing       | 1 2 3 4 5 6 7 8 9 10 11 12 13 14 15 16 17 | 17.5
Dodging        | 1 2 3 4 5 6 7 8 9 10 11 12 13 14 15 16 17 | 17.5
Stealth        | 1 2 3 4 5 6 7 8 9 10 11 12 13 14 15 16 17 | 17.5
Unarmed Combat | 1 2 3 4 5 6 7 8 9 10 11 12 13 14 15 16 17 | 17.5
Spellcasting   | 1 2 3 4 5 6 7 8 9 10 11 12 13 14 15 16 17 | 17.5
Evocations     | 1 2 3 4 5 6 7 8 9 10 11 12 13 14 15 16 17 | 17.5
Conjurations   | 1 2 3 4 5 6 7 8 9 10 11 12 13 14 15 | 15.1
Hexes          | 1 2 3 4 5 6 7 8 9 10 11 12 13 14 15 | 15.1
Charms         | 1 2 3 4 5 6 7 8 9 10 11 12 13 14 15 | 15.1
Summonings     | 1 2 3 4 5 6 7 8 9 10 11 12 13 14 15 | 15.1
Necromancy     | 1 2 3 4 5 6 7 8 9 10 11 12 13 14 15 | 15.1
Translocations | 1 2 3 4 5 6 7 8 9 10 11 12 13 14 15 | 15.1
Transmutations | 1 2 3 4 5 6 7 8 9 10 11 12 13 14 15 | 15.1
Fire Magic     | 1 2 3 4 5 6 7 8 9 10 11 12 13 14 15 | 15.1
Ice Magic      | 1 2 3 4 5 6 7 8 9 10 11 12 13 14 15 | 15.1
Air Magic      | 1 2 3 4 5 6 7 8 9 10 11 12 13 14 15 | 15.1
Earth Magic    | 1 2 3 4 5 6 7 8 9 10 11 12 13 14 15 | 15.1
Poison Magic   | 1 2 3 4 5 6 7 8 9 10 11 12 13 14 15 | 15.1
Long Blades    | 5 6 7 8 9 10 11 12 13 14 15 16 17 | 17.9
Fighting       | 7 8 9 10 11 12 13 14 15 16 17 18 | 18.3
Armour         | 7 8 9 10 11 12 13 14 15 16 17 18 | 18.3
Shields        | 7 8 9 10 11 12 13 14 15 16 17 18 | 18.3

Action                   |  1- 3 |  4- 6 |  7- 9 | 10-12 | 13-15 | 16-18 | 19-21 | 22-24 | 25-27 || total
-------------------------+-------+-------+-------+-------+-------+-------+-------+-------+-------++-------
Melee: Mace              |    19 |       |       |       |       |       |       |       |       ||    19
       Long sword        |    70 |   194 |   232 |   237 |       |       |       |       |       ||   733
       Bite              |     9 |    23 |    40 |   142 |   188 |   252 |   352 |   308 |   428 ||  1742
       Scimitar          |       |       |       |   454 |   901 |  1152 |  1576 |  1226 |  1711 ||  7020
       Broad axe         |       |       |       |       |       |       |       |       |    48 ||    48
Throw: Javelin           |       |     2 |    24 |    58 |    72 |    76 |    85 |    62 |    31 ||   410
       Throwing net      |       |       |       |     3 |       |       |       |     2 |     4 ||     9
       Tomahawk          |       |       |       |     4 |     2 |       |       |       |       ||     6
 Cast: Song of Slaying   |       |       |       |       |     5 |    12 |    17 |    11 |     9 ||    54
       Regeneration      |       |       |       |       |       |       |    24 |     3 |    10 ||    37
Invok: Call Merchant     |       |       |       |     1 |     2 |     1 |       |     5 |     5 ||    14
 Abil: Evoke Berserk Rag |       |       |       |     6 |    12 |     4 |     7 |     8 |    14 ||    51
Evoke: Wand              |       |       |    11 |     7 |     8 |    15 |    11 |    34 |    28 ||   114
       Fan of gales      |       |       |       |     1 |     1 |     2 |     2 |     1 |     1 ||     8
       Lamp of fire      |       |       |       |       |     2 |     4 |     5 |     5 |     5 ||    21
       Box of beasts     |       |       |       |       |     1 |       |       |       |     2 ||     3
       Phantom mirror    |       |       |       |       |       |       |       |       |     1 ||     1
  Use: Scroll            |       |       |       |    18 |    13 |     7 |     9 |     6 |    18 ||    71
       Potion            |       |       |       |     5 |     3 |     1 |     4 |       |    19 ||    32
 Stab: Sleeping          |       |       |     1 |     3 |    14 |    23 |    23 |    16 |    26 ||   106
       Held in net/web   |       |       |       |     1 |       |       |       |       |       ||     1
       Distracted        |       |       |       |     5 |    13 |    21 |    36 |    25 |    34 ||   134
       Paralysed         |       |       |       |       |       |       |     3 |       |       ||     3
       Confused          |       |       |       |       |       |       |       |       |     1 ||     1
       Invisible         |       |       |       |       |       |       |       |       |     1 ||     1
  Eat: Chunk             |       |     4 |       |       |       |       |       |       |       ||     4
       Ration            |       |     1 |     4 |    11 |    16 |    10 |    13 |    11 |    20 ||    86
Armor: Scale mail        |    36 |    82 |    50 |   244 |   137 |       |       |       |       ||   549
       Robe              |       |       |       |     7 |       |       |       |       |       ||     7
       Ice dragon scales |       |       |       |       |    73 |   353 |   333 |   242 |   311 ||  1312
Dodge: Dodged            |    31 |    48 |    81 |   332 |   377 |   588 |   690 |   677 |  1086 ||  3910
       Deflected         |       |       |       |       |     3 |    15 |    34 |    35 |    51 ||   138
Block: Shield            |    39 |   116 |   134 |   519 |   496 |   844 |   977 |   986 |  1583 ||  5694
       Rpst.: Long sword |     9 |    10 |    33 |    25 |       |       |       |       |       ||    77
       Scimitar          |       |       |       |    79 |    88 |   127 |   124 |   109 |   137 ||   664
